IL
OMAHA STORM CHASERS @ DURHAM BULLS
05/31/2049
 
TOP OF THE 1ST
Omaha Storm Chasers batting - Pitching for Durham Bulls : RHP Eric Smith
Pitching: RHP Eric Smith
Batting: RHB Kevin Wimberly 0-0: Called Strike
0-1: Fly out, F9 (Flyball, 9, EV 78.8 MPH)
Batting: SHB Ryoji Hiraoka 0-0: Ball
1-0: Ball
2-0: Ball
3-0: Base on Balls
Batting: RHB Adam Martin 0-0: Called Strike
0-1: Foul Ball, location: 2F
0-2: Fly out, F6 (Popup, 6, EV 75.0 MPH)
Batting: RHB Kazuki Arai 0-0: Ball
1-0: Ball
2-0: Ball
3-0: Base on Balls
Ryoji Hiraoka to second
Batting: LHB Robby Diaz 0-0: Foul Ball, location: 2F
0-1: Foul Ball, location: 2F
0-2: Strikes out swinging
Top of the 1st over - 0 runs, 0 hits, 0 errors, 2 left on base; Omaha 0 - Durham 0
BOTTOM OF THE 1ST
Durham Bulls batting - Pitching for Omaha Storm Chasers : RHP Matthew Orphan
Pitching: RHP Matthew Orphan
Batting: RHB Sesto Carpini 0-0: Swinging Strike
0-1: Swinging Strike
0-2: Foul Ball, location: 2F
0-2: Strikes out swinging
Batting: RHB Alex Diaz 0-0: Called Strike
0-1: Ball
1-1: Ball
2-1: Ball
3-1: Ground out 5-3 (Groundball, 5, EV 96.9 MPH)
Batting: LHB Davion Lewis 0-0: Foul Ball, location: 2F
0-1: Fly out, F8 (Flyball, 8LD, EV 95.6 MPH)
Bottom of the 1st over - 0 runs, 0 hits, 0 errors, 0 left on base; Omaha 0 - Durham 0
TOP OF THE 2ND
Omaha Storm Chasers batting - Pitching for Durham Bulls : RHP Eric Smith
Batting: RHB Taisei Fujii 0-0: Ball
1-0: Ball
2-0: Ball
3-0: Called Strike
3-1: Called Strike
3-2: Strikes out swinging
Batting: RHB Yuichi Takata 0-0: Ball
1-0: Ball
2-0: Swinging Strike
2-1: Foul Ball, location: 2F
2-2: Fly out, F7 (Flyball, 78S, EV 83.8 MPH)
Batting: SHB Arturo Baez 0-0: Called Strike
0-1: Ball
1-1: Ball
2-1: Ball
3-1: Called Strike
3-2: Base on Balls
Batting: RHB Justin Goff 0-0: Swinging Strike
0-1: Ball
1-1: Fielders Choice at 2nd, U4 (Groundball, 4M, EV 104.4 MPH)
Top of the 2nd over - 0 runs, 0 hits, 0 errors, 1 left on base; Omaha 0 - Durham 0
BOTTOM OF THE 2ND
Durham Bulls batting - Pitching for Omaha Storm Chasers : RHP Matthew Orphan
Batting: RHB David Ward 0-0: Ball
1-0: Ball
2-0: Called Strike
2-1: Foul Ball, location: 2F
2-2: Strikes out looking
Batting: RHB Jose Arriola 0-0: Foul Ball, location: 2F
0-1: Ball
1-1: DOUBLE (Groundball, 5L, EV 101.9 MPH)
Batting: RHB Kevin Benfield 0-0: Ball
Jose Arriola steals 3rd base
1-0: Ball
2-0: SINGLE (Groundball, 6MD, EV 101.9 MPH)
Jose Arriola scores
Batting: LHB Danny Hull 0-0: Ball
1-0: Swinging Strike
1-1: Ball
2-1: Called Strike
2-2: Strikes out looking
Batting: RHB Antonio Pacheco 0-0: Called Strike
0-1: Ball
1-1: Fly out, F9 (Flyball, 89D, EV 95.0 MPH)
Bottom of the 2nd over - 1 run, 2 hits, 0 errors, 1 left on base; Omaha 0 - Durham 1
TOP OF THE 3RD
Omaha Storm Chasers batting - Pitching for Durham Bulls : RHP Eric Smith
Batting: RHB Kevin Wimberly 0-0: Ball
1-0: Ball
2-0: Swinging Strike
2-1: Swinging Strike
2-2: Strikes out looking
Batting: SHB Ryoji Hiraoka 0-0: Called Strike
0-1: Foul Ball, location: 2F
0-2: Foul Ball, location: 2F
0-2: Ball
1-2: Ball
2-2: Ground out 6-3 (Groundball, 6M, EV 87.5 MPH)
Batting: RHB Adam Martin 0-0: Ball
1-0: Ball
2-0: Called Strike
2-1: Foul Ball, location: 2F
2-2: Ball
3-2: Base on Balls
Batting: RHB Kazuki Arai 0-0: Foul Ball, location: 2F
0-1: Called Strike
0-2: Ball
1-2: Fly out, F9 (Flyball, 9, EV 88.8 MPH)
Top of the 3rd over - 0 runs, 0 hits, 0 errors, 1 left on base; Omaha 0 - Durham 1
BOTTOM OF THE 3RD
Durham Bulls batting - Pitching for Omaha Storm Chasers : RHP Matthew Orphan
Batting: RHB Roberto Aispuro 0-0: Ball
1-0: Foul Ball, location: 2F
1-1: Ball
2-1: Called Strike
2-2: Ball
3-2: Strikes out looking
Batting: RHB Sesto Carpini 0-0: Ball
1-0: Foul Ball, location: 2F
1-1: Called Strike
1-2: Strikes out swinging
Batting: RHB Alex Diaz 0-0: Ball
1-0: Ball
2-0: Ball
3-0: Called Strike
3-1: Called Strike
3-2: Base on Balls
Batting: LHB Davion Lewis 0-0: SINGLE (Line Drive, 4D, EV 95.0 MPH)
Alex Diaz to second
Runner from 2nd tries for 3rd, SAFE, no throw by RF
Batting: RHB David Ward 0-0: Called Strike
0-1: Ball
1-1: Called Strike
1-2: Strikes out swinging
Bottom of the 3rd over - 0 runs, 1 hit, 0 errors, 2 left on base; Omaha 0 - Durham 1
TOP OF THE 4TH
Omaha Storm Chasers batting - Pitching for Durham Bulls : RHP Eric Smith
Batting: LHB Robby Diaz 0-0: Swinging Strike
0-1: DOUBLE (Line Drive, 9LD, EV 107.5 MPH)
Batting: RHB Taisei Fujii 0-0: Called Strike
0-1: Ball
1-1: Ball
2-1: Foul Ball, location: 2F
2-2: Foul Ball, location: 2F
2-2: Strikes out looking
Batting: RHB Yuichi Takata 0-0: Called Strike
0-1: Ground out 4-3 (Groundball, 4MD, EV 105.6 MPH)
Robby Diaz to third
Batting: SHB Arturo Baez 0-0: Ball
1-0: Ball
2-0: Called Strike
2-1: Ground out 4-3 (Groundball, 34, EV 90.0 MPH)
Top of the 4th over - 0 runs, 1 hit, 0 errors, 1 left on base; Omaha 0 - Durham 1
BOTTOM OF THE 4TH
Durham Bulls batting - Pitching for Omaha Storm Chasers : RHP Matthew Orphan
Batting: RHB Jose Arriola 0-0: SOLO HOME RUN (Flyball, 8LXD, EV 108.8 MPH), Distance : 437 ft
Batting: RHB Kevin Benfield 0-0: Ball
1-0: Ground out 4-3 (Groundball, 4, EV 85.6 MPH)
Batting: LHB Danny Hull 0-0: Ball
1-0: Swinging Strike
1-1: Foul Ball, location: 2F
1-2: Strikes out swinging
Batting: RHB Antonio Pacheco 0-0: Ball
1-0: Ball
2-0: Ball
3-0: Ground out 2-3 (Groundball, 2R, EV 71.9 MPH)
Bottom of the 4th over - 1 run, 1 hit, 0 errors, 0 left on base; Omaha 0 - Durham 2
TOP OF THE 5TH
Omaha Storm Chasers batting - Pitching for Durham Bulls : RHP Eric Smith
Batting: RHB Justin Goff 0-0: Called Strike
0-1: Ball
1-1: Fly out, F7 (Flyball, 78S, EV 95.0 MPH)
Batting: RHB Kevin Wimberly 0-0: Ball
1-0: Foul Ball, location: 2F
1-1: Ball
2-1: Foul Ball, location: 2F
2-2: Foul Ball, location: 2F
2-2: Ball
3-2: Foul Ball, location: 2F
3-2: Fly out, F7 (Flyball, 7, EV 83.1 MPH)
Batting: SHB Ryoji Hiraoka 0-0: Ball
1-0: Ball
2-0: Ground out 3-1 (Groundball, 34, EV 106.2 MPH)
Top of the 5th over - 0 runs, 0 hits, 0 errors, 0 left on base; Omaha 0 - Durham 2
BOTTOM OF THE 5TH
Durham Bulls batting - Pitching for Omaha Storm Chasers : RHP Matthew Orphan
Batting: RHB Roberto Aispuro 0-0: Ball
1-0: Called Strike
1-1: Ball
2-1: Ball
3-1: Base on Balls
Batting: RHB Sesto Carpini 0-0: Foul Ball, location: 2F
0-1: Swinging Strike
Passed Ball!
Roberto Aispuro to second
0-2: Ball
1-2: Ball
2-2: Ball
3-2: Base on Balls
Batting: RHB Alex Diaz 0-0: Called Strike
0-1: Reached on error, E5 (Groundball, 5, EV 86.2 MPH)
Roberto Aispuro to third
Sesto Carpini to second
Batting: LHB Davion Lewis 0-0: Ball
1-0: Fly out, F8 (Flyball, 89D, EV 96.9 MPH)
Runner from 3rd tags up, SCORES, throw by CF
Sesto Carpini to third
Batting: RHB David Ward 0-0: Called Strike
0-1: Ball
1-1: Foul Ball, location: 2F
1-2: Foul Ball, location: 2F
1-2: Strikes out swinging
Batting: RHB Jose Arriola 0-0: Called Strike
0-1: Ball
1-1: Called Strike
1-2: Strikes out looking
Bottom of the 5th over - 1 run, 0 hits, 1 error, 2 left on base; Omaha 0 - Durham 3
TOP OF THE 6TH
Omaha Storm Chasers batting - Pitching for Durham Bulls : RHP Eric Smith
Pitching: LHP Melvin Millan
Batting: RHB Adam Martin 0-0: Ball
1-0: Ball
2-0: Called Strike
2-1: Foul Ball, location: 2F
2-2: SINGLE (Line Drive, 78M, EV 86.2 MPH)
Batting: RHB Kazuki Arai 0-0: Ball
1-0: Called Strike
1-1: Ball
2-1: Swinging Strike
2-2: Strikes out looking
Batting: LHB Robby Diaz 0-0: Ball
1-0: Foul Ball, location: 2F
1-1: Ball
2-1: Swinging Strike
2-2: Ball
3-2: Grounds into double play, 4-6-3 (Groundball, 34, EV 91.2 MPH)
Top of the 6th over - 0 runs, 1 hit, 0 errors, 0 left on base; Omaha 0 - Durham 3
BOTTOM OF THE 6TH
Durham Bulls batting - Pitching for Omaha Storm Chasers : RHP Matthew Orphan
Batting: RHB Kevin Benfield 0-0: Foul Ball, location: 2F
0-1: Ball
1-1: Foul Ball, location: 2F
1-2: Strikes out looking
Batting: LHB Danny Hull 0-0: Called Strike
0-1: Swinging Strike
0-2: Ball
1-2: Ball
2-2: Strikes out swinging
Batting: RHB Antonio Pacheco 0-0: Foul Ball, location: 2F
0-1: Ball
1-1: Fly out, F7 (Flyball, 7LM, EV 95.0 MPH)
Bottom of the 6th over - 0 runs, 0 hits, 0 errors, 0 left on base; Omaha 0 - Durham 3
TOP OF THE 7TH
Omaha Storm Chasers batting - Pitching for Durham Bulls : LHP Melvin Millan
Batting: RHB Taisei Fujii 0-0: Ball
1-0: Ball
2-0: Called Strike
2-1: Foul Ball, location: 2F
2-2: Foul Ball, location: 2F
2-2: Fly out, F8 (Flyball, 8LD, EV 95.6 MPH)
Batting: RHB Yuichi Takata 0-0: Ball
1-0: Called Strike
1-1: Ball
2-1: Ball
3-1: Called Strike
3-2: Strikes out swinging
Batting: SHB Arturo Baez 0-0: Ball
1-0: Ground out 4-3 (Groundball, 34, EV 82.5 MPH)
Top of the 7th over - 0 runs, 0 hits, 0 errors, 0 left on base; Omaha 0 - Durham 3
BOTTOM OF THE 7TH
Durham Bulls batting - Pitching for Omaha Storm Chasers : RHP Matthew Orphan
Batting: RHB Roberto Aispuro 0-0: Ball
1-0: DOUBLE (Groundball, 5L, EV 103.8 MPH)
Batting: RHB Sesto Carpini 0-0: Called Strike
0-1: Ball
1-1: Ball
2-1: Foul Ball, location: 2F
2-2: Strikes out swinging
Pitching: RHP Greg Sell
Batting: RHB Alex Diaz 0-0: Ball
1-0: Ball
2-0: Ball
3-0: Base on Balls
Batting: LHB Davion Lewis 0-0: Called Strike
0-1: Ball
1-1: Called Strike
1-2: Fielders Choice at 2nd, 5-4 (Groundball, 5, EV 101.2 MPH)
Roberto Aispuro to third
Batting: RHB David Ward 0-0: Foul Ball, location: 2F
0-1: Ball
1-1: Foul Ball, location: 2F
1-2: SINGLE (Line Drive, 78S, EV 88.8 MPH)
Roberto Aispuro scores
Davion Lewis to second
Batting: RHB Jose Arriola 0-0: Foul Ball, location: 2F
0-1: Ball
1-1: Ball
2-1: Foul Ball, location: 2F
2-2: Strikes out swinging
Bottom of the 7th over - 1 run, 2 hits, 0 errors, 2 left on base; Omaha 0 - Durham 4
TOP OF THE 8TH
Omaha Storm Chasers batting - Pitching for Durham Bulls : LHP Melvin Millan
Pitching: RHP Al Speer
Batting: RHB Justin Goff 0-0: Ball
1-0: Called Strike
1-1: Foul Ball, location: 2F
1-2: Ball
2-2: Foul Ball, location: 2F
2-2: Foul Ball, location: 2F
2-2: Ball
3-2: SINGLE (Groundball, 56D, EV 96.9 MPH)
Batting: RHB Kevin Wimberly 0-0: Ball
1-0: Ball
2-0: Called Strike
2-1: Foul Ball, location: 2F
2-2: Ball
3-2: Base on Balls
Justin Goff to second
Batting: SHB Ryoji Hiraoka 0-0: Called Strike
0-1: SINGLE (Groundball, 3D, EV 101.9 MPH)
Justin Goff to third
Kevin Wimberly to second
Batting: RHB Adam Martin 0-0: Ball
1-0: Foul Ball, location: 2F
1-1: Ball
2-1: SINGLE (Line Drive, 8LS, EV 104.4 MPH)
Justin Goff scores
Kevin Wimberly to third
Ryoji Hiraoka to second
Batting: RHB Kazuki Arai 0-0: Called Strike
0-1: SINGLE (Line Drive, 78S, EV 105.0 MPH)
Kevin Wimberly scores
Ryoji Hiraoka to third
Adam Martin to second
Batting: LHB Robby Diaz 0-0: Called Strike
0-1: Swinging Strike
0-2: Ball
1-2: Fly out, F8 (Flyball, 89M, EV 90.6 MPH)
Runner from 3rd tags up, SCORES, no throw by CF
Pinch Runner at 2nd Mike Williams:
Batting: RHB Taisei Fujii 0-0: Called Strike
0-1: Ball
1-1: Fly out, F8 (Flyball, 8RD, EV 100.6 MPH)
Batting: RHB Yuichi Takata 0-0: Ball
1-0: Ground out 3-1 (Groundball, 34, EV 76.9 MPH)
Top of the 8th over - 3 runs, 4 hits, 0 errors, 2 left on base; Omaha 3 - Durham 4
BOTTOM OF THE 8TH
Durham Bulls batting - Pitching for Omaha Storm Chasers : RHP Greg Sell
Batting: RHB Kevin Benfield 0-0: Ball
1-0: Foul Ball, location: 2F
1-1: Foul Ball, location: 2F
1-2: Strikes out swinging
Batting: LHB Danny Hull 0-0: Ball
1-0: Called Strike
1-1: Called Strike
1-2: Strikes out swinging
Batting: RHB Antonio Pacheco 0-0: DOUBLE (Line Drive, 78D, EV 99.4 MPH)
Batting: RHB Roberto Aispuro 0-0: Ball
1-0: Called Strike
1-1: Ball
2-1: Called Strike
2-2: Ball
3-2: Foul Ball, location: 2F
3-2: Ground out 6-3 (Groundball, 6, EV 81.2 MPH)
Bottom of the 8th over - 0 runs, 1 hit, 0 errors, 1 left on base; Omaha 3 - Durham 4
TOP OF THE 9TH
Omaha Storm Chasers batting - Pitching for Durham Bulls : RHP Al Speer
Pitching: RHP Cody Wilharm
Batting: SHB Arturo Baez 0-0: Foul Ball, location: 2F
0-1: SINGLE (Line Drive, 8RS, EV 91.2 MPH)
Batting: RHB Justin Goff 0-0: Bunted foul
0-1: Ball
1-1: Sac Bunt to P - play at first, batter OUT! 1-3
Arturo Baez to second
Batting: RHB Kevin Wimberly 0-0: Called Strike
0-1: Ball
1-1: Ball
2-1: Foul Ball, location: 2F
2-2: Ball
3-2: Foul Ball, location: 2F
3-2: Base on Balls
Batting: SHB Ryoji Hiraoka 0-0: Called Strike
0-1: Called Strike
0-2: Foul Ball, location: 2F
0-2: Foul Ball, location: 2F
0-2: Ball
1-2: Reached on error, E1 (Groundball, 13S, EV 65.6 MPH)
Arturo Baez to third
Kevin Wimberly to second
Batting: SHB Mike Williams 0-0: Ball
1-0: Swinging Strike
1-1: Called Strike
1-2: Ball
2-2: Strikes out swinging
Batting: RHB Kazuki Arai 0-0: Ball
1-0: SINGLE (Line Drive, 7S, EV 91.9 MPH)
Arturo Baez scores
Kevin Wimberly to third
Ryoji Hiraoka to second
Runner from 3rd tries for Home, throw by LF and OUT! 7-2
Top of the 9th over - 1 run, 2 hits, 1 error, 2 left on base; Omaha 4 - Durham 4
BOTTOM OF THE 9TH
Durham Bulls batting - Pitching for Omaha Storm Chasers : RHP Greg Sell
Pitching: RHP Mike Tuck
Batting: RHB Sesto Carpini 0-0: Hit by Pitch
Batting: RHB Alex Diaz 0-0: Ball
1-0: Bunted foul
1-1: Bunt missed!
1-2: Foul Ball, location: 2F
1-2: Foul Ball, location: 2F
1-2: Strikes out looking
Batting: LHB Davion Lewis 0-0: Called Strike
0-1: Swinging Strike
0-2: Strikes out swinging
Batting: RHB David Ward 0-0: Reached on error, E1 (Groundball, 13S, EV 65.6 MPH)
Sesto Carpini to third
Batting: RHB Jose Arriola 0-0: Foul Ball, location: 2F
0-1: Ball
1-1: Ball
2-1: Fly out, F8 (Flyball, 8LM, EV 88.1 MPH)
Bottom of the 9th over - 0 runs, 0 hits, 1 error, 2 left on base; Omaha 4 - Durham 4
TOP OF THE 10TH
Omaha Storm Chasers batting - Pitching for Durham Bulls : RHP Cody Wilharm
Pitching: LHP Chris Polite
Batting: LHB Robby Diaz 0-0: Ground out 6-3 (Groundball, 4MD, EV 86.9 MPH)
Batting: RHB Taisei Fujii 0-0: Foul Ball, location: 2F
0-1: Foul Ball, location: 2F
0-2: Ball
1-2: SINGLE (Groundball, 6MS, EV 76.2 MPH) (infield hit)
Batting: RHB Yuichi Takata 0-0: Foul Ball, location: 2F
0-1: Swinging Strike
0-2: Ball
1-2: Strikes out looking
Batting: SHB Arturo Baez 0-0: Called Strike
0-1: Fly out, F8 (Flyball, 89D, EV 103.1 MPH)
Top of the 10th over - 0 runs, 1 hit, 0 errors, 1 left on base; Omaha 4 - Durham 4
BOTTOM OF THE 10TH
Durham Bulls batting - Pitching for Omaha Storm Chasers : RHP Mike Tuck
Batting: RHB Kevin Benfield 0-0: Ball
1-0: Ball
2-0: Fly out, F5 (Popup, 5F, EV 80.6 MPH)
Batting: LHB Danny Hull 0-0: Called Strike
0-1: Swinging Strike
0-2: Ball
1-2: Reached on error, E8 (Flyball, 89M, EV 86.9 MPH)
Batting: RHB Antonio Pacheco 0-0: Ball
1-0: Fly out, F9 (Flyball, 9, EV 91.9 MPH)
Batting: RHB Roberto Aispuro 0-0: Called Strike
0-1: Ball
1-1: Ball
2-1: Swinging Strike
2-2: Ball
3-2: Foul Ball, location: 2F
3-2: Base on Balls
Danny Hull to second
Batting: RHB Sesto Carpini 0-0: Called Strike
0-1: Foul Ball, location: 2F
0-2: Ball
1-2: Ball
2-2: Ball
3-2: Ground out 1-3 (Groundball, 23, EV 65.6 MPH)
Bottom of the 10th over - 0 runs, 0 hits, 1 error, 2 left on base; Omaha 4 - Durham 4
TOP OF THE 11TH
Omaha Storm Chasers batting - Pitching for Durham Bulls : LHP Chris Polite
Batting: RHB Justin Goff 0-0: Swinging Strike
0-1: Ball
1-1: SINGLE (Groundball, 4MD, EV 96.9 MPH)
Batting: RHB Kevin Wimberly 0-0: Sac Bunt to 2R - play at first, batter OUT! 2-4
Justin Goff to second
Batting: SHB Ryoji Hiraoka 0-0: Intentional Walk
Pinch Runner at 2nd Ken Postlethwaite:
Batting: SHB Mike Williams 0-0: Called Strike
0-1: Foul Ball, location: 2F
0-2: Ball
1-2: Foul Ball, location: 2F
1-2: Grounds into double play, 4-6-3 (Groundball, 4M, EV 103.8 MPH)
Top of the 11th over - 0 runs, 1 hit, 0 errors, 1 left on base; Omaha 4 - Durham 4
BOTTOM OF THE 11TH
Durham Bulls batting - Pitching for Omaha Storm Chasers : RHP Mike Tuck
Now at C: Jason Birge
Batting: RHB Alex Diaz 0-0: Ball
1-0: Ball
2-0: Ball
3-0: Base on Balls
Batting: LHB Davion Lewis 0-0: Ball
1-0: Called Strike
1-1: Ball
2-1: Ball
3-1: Foul Ball, location: 2F
3-2: Strikes out swinging
Pitching: RHP Philip Terrell
Batting: RHB David Ward 0-0: Ball
1-0: Foul Ball, location: 2F
1-1: Foul Ball, location: 2F
1-2: Ball
2-2: Grounds into double play, 4-6-3 (Groundball, 4, EV 101.9 MPH)
Bottom of the 11th over - 0 runs, 0 hits, 0 errors, 0 left on base; Omaha 4 - Durham 4
TOP OF THE 12TH
Omaha Storm Chasers batting - Pitching for Durham Bulls : LHP Chris Polite
Batting: RHB Kazuki Arai 0-0: Ball
1-0: Ground out 6-3 (Groundball, 6D, EV 111.2 MPH)
Batting: LHB Robby Diaz 0-0: Ball
1-0: SINGLE (Groundball, 5, EV 83.1 MPH) (infield hit)
Batting: RHB Taisei Fujii 0-0: Called Strike
0-1: Ball
1-1: Ball
2-1: Swinging Strike
2-2: SINGLE (Line Drive, 89M, EV 91.2 MPH)
Robby Diaz to second
Runner from 2nd tries for 3rd, SAFE, throw by RF made to third
Batting: RHB Yuichi Takata 0-0: Called Strike
0-1: Ball
1-1: Bunted foul
1-2: Strikes out swinging
Batting: SHB Arturo Baez 0-0: Ball
1-0: Ball
2-0: Ball
3-0: Called Strike
3-1: Base on Balls
Taisei Fujii to second
Batting: RHB Jason Birge 0-0: Ball
1-0: Fielders Choice at 2nd, 6-4 (Groundball, 56, EV 99.4 MPH)
Top of the 12th over - 0 runs, 2 hits, 0 errors, 3 left on base; Omaha 4 - Durham 4
BOTTOM OF THE 12TH
Durham Bulls batting - Pitching for Omaha Storm Chasers : RHP Philip Terrell
Batting: RHB Jose Arriola 0-0: Called Strike
0-1: Fly out, F4 (Flyball, 34D, EV 85.6 MPH)
Batting: RHB Kevin Benfield 0-0: Foul Ball, location: 2F
0-1: Ground out 1-3 (Groundball, 34S, EV 65.6 MPH)
Batting: LHB Danny Hull 0-0: Ball
1-0: Called Strike
1-1: Ground out 1-3 (Groundball, 13S, EV 64.4 MPH)
Bottom of the 12th over - 0 runs, 0 hits, 0 errors, 0 left on base; Omaha 4 - Durham 4
TOP OF THE 13TH
Omaha Storm Chasers batting - Pitching for Durham Bulls : LHP Chris Polite
Batting: RHB Kevin Wimberly 0-0: Called Strike
0-1: Ball
1-1: Foul Ball, location: 2F
1-2: Ball
2-2: Ball
3-2: Fly out, F8 (Flyball, 8LXD, EV 101.2 MPH)
Batting: SHB Ryoji Hiraoka 0-0: Foul Ball, location: 2F
0-1: Ball
1-1: SINGLE (Groundball, 5S, EV 68.8 MPH) (infield hit)
Pitching: RHP Luis Cubero
Batting: SHB Mike Williams 0-0: Foul Ball, location: 2F
0-1: Foul Ball, location: 2F
0-2: Ball
1-2: Ball
2-2: Ball
3-2: Fly out, F5 (Popup, 25, EV 85.0 MPH)
Batting: RHB Kazuki Arai 0-0: Fly out, F8 (Flyball, 8RD, EV 101.9 MPH)
Top of the 13th over - 0 runs, 1 hit, 0 errors, 1 left on base; Omaha 4 - Durham 4
BOTTOM OF THE 13TH
Durham Bulls batting - Pitching for Omaha Storm Chasers : RHP Philip Terrell
Batting: RHB Antonio Pacheco 0-0: Foul Ball, location: 2F
0-1: Foul Ball, location: 2F
0-2: Ball
1-2: Fly out, F2 (Popup, 23F, EV 81.9 MPH)
Batting: RHB Roberto Aispuro 0-0: Ball
1-0: Called Strike
1-1: Ball
2-1: Ball
3-1: Swinging Strike
3-2: Foul Ball, location: 2F
3-2: Base on Balls
Pitching: RHP Ian Current
Batting: RHB Sesto Carpini 0-0: Ball
1-0: Ball
2-0: Ball
3-0: Base on Balls
Roberto Aispuro to second
Batting: RHB Alex Diaz 0-0: Ball
1-0: Called Strike
1-1: Ball
2-1: Grounds into double play, 6-4-3 (Groundball, 6, EV 87.5 MPH)
Bottom of the 13th over - 0 runs, 0 hits, 0 errors, 1 left on base; Omaha 4 - Durham 4
TOP OF THE 14TH
Omaha Storm Chasers batting - Pitching for Durham Bulls : RHP Luis Cubero
Batting: LHB Robby Diaz 0-0: Swinging Strike
0-1: SINGLE (Line Drive, 6D, EV 93.8 MPH)
Batting: RHB Taisei Fujii 0-0: Ball
1-0: Ball
2-0: Called Strike
2-1: Ball
3-1: Swinging Strike
3-2: Ground out U3 (Groundball, 34S, EV 88.8 MPH)
Robby Diaz to second
Batting: RHB Yuichi Takata 0-0: Fly out, F8 (Flyball, 8LD, EV 96.2 MPH)
Runner from 2nd tags up, SAFE at 3rd with throw by CF
Batting: SHB Arturo Baez 0-0: Intentional Walk
Batting: RHB Jason Birge 0-0: Called Strike
0-1: Ball
1-1: Fielders Choice at 2nd, 6-4 (Groundball, 6, EV 103.1 MPH)
Top of the 14th over - 0 runs, 1 hit, 0 errors, 2 left on base; Omaha 4 - Durham 4
BOTTOM OF THE 14TH
Durham Bulls batting - Pitching for Omaha Storm Chasers : RHP Ian Current
Batting: LHB Davion Lewis 0-0: Ball
1-0: Swinging Strike
1-1: Foul Ball, location: 2F
1-2: Ball
2-2: Ground out 4-3 (Groundball, 4, EV 86.9 MPH)
Batting: RHB David Ward 0-0: Ball
1-0: Ball
2-0: Ground out 6-3 (Groundball, 6MS, EV 83.1 MPH)
Batting: RHB Jose Arriola 0-0: Called Strike
0-1: Ball
1-1: Foul Ball, location: 2F
1-2: Strikes out swinging
Bottom of the 14th over - 0 runs, 0 hits, 0 errors, 0 left on base; Omaha 4 - Durham 4
TOP OF THE 15TH
Omaha Storm Chasers batting - Pitching for Durham Bulls : RHP Luis Cubero
Batting: RHB Kevin Wimberly 0-0: Called Strike
0-1: Called Strike
0-2: Ball
1-2: Ball
2-2: Foul Ball, location: 2F
2-2: Ball
3-2: Fly out, F8 (Line Drive, 8RM, EV 93.8 MPH)
Batting: SHB Ryoji Hiraoka 0-0: Called Strike
0-1: Ball
1-1: Swinging Strike
1-2: Strikes out swinging
Batting: SHB Mike Williams 0-0: Fly out, F9 (Flyball, 89M, EV 77.5 MPH)
Top of the 15th over - 0 runs, 0 hits, 0 errors, 0 left on base; Omaha 4 - Durham 4
BOTTOM OF THE 15TH
Durham Bulls batting - Pitching for Omaha Storm Chasers : RHP Ian Current
Batting: RHB Kevin Benfield 0-0: Called Strike
0-1: Swinging Strike
0-2: Ball
1-2: Ground out 4-3 (Groundball, 4, EV 106.9 MPH)
Batting: LHB Danny Hull 0-0: Ball
1-0: Foul Ball, location: 2F
1-1: Ball
2-1: Swinging Strike
2-2: Strikes out swinging
Batting: RHB Antonio Pacheco 0-0: Called Strike
0-1: Ball
1-1: Called Strike
1-2: Ball
2-2: Ground out 5-3 (Groundball, 5, EV 101.2 MPH)
Bottom of the 15th over - 0 runs, 0 hits, 0 errors, 0 left on base; Omaha 4 - Durham 4
TOP OF THE 16TH
Omaha Storm Chasers batting - Pitching for Durham Bulls : RHP Luis Cubero
Batting: RHB Kazuki Arai 0-0: Ball
1-0: Ball
2-0: Ground out 1-3 (Groundball, 13, EV 74.4 MPH)
Batting: LHB Robby Diaz 0-0: Ball
1-0: Called Strike
1-1: Ball
2-1: Called Strike
2-2: Ball
3-2: Ground out 4-3 (Groundball, 4, EV 80.0 MPH)
Pitching: RHP David Breaux
Batting: RHB Taisei Fujii 0-0: Called Strike
0-1: Ball
1-1: Called Strike
1-2: Ball
2-2: Ball
3-2: Fly out, F7 (Flyball, 78S, EV 89.4 MPH)
Top of the 16th over - 0 runs, 0 hits, 0 errors, 0 left on base; Omaha 4 - Durham 4
BOTTOM OF THE 16TH
Durham Bulls batting - Pitching for Omaha Storm Chasers : RHP Ian Current
Batting: RHB Roberto Aispuro 0-0: Called Strike
0-1: Ground out 2-3 (Groundball, 2L, EV 71.2 MPH)
Pitching: RHP Junsuke Abe
Batting: RHB Sesto Carpini 0-0: Ball
1-0: SINGLE (Groundball, 4MD, EV 104.4 MPH) (infield hit)
Batting: RHB Alex Diaz 0-0: Ball
1-0: Ball
Sesto Carpini steals 2nd base
2-0: SINGLE (Line Drive, 78S, EV 92.5 MPH)
Sesto Carpini to third
Runner from 3rd tries for Home, throw by LF and OUT! 7-2
Alex Diaz to second
Batting: LHB Davion Lewis 0-0: Ball
1-0: Ground out U3 (Groundball, 3, EV 92.5 MPH)
Bottom of the 16th over - 0 runs, 2 hits, 0 errors, 1 left on base; Omaha 4 - Durham 4
TOP OF THE 17TH
Omaha Storm Chasers batting - Pitching for Durham Bulls : RHP David Breaux
Pinch Hitting: SHB Bill Ertl 0-0: Fly out, F8 (Line Drive, 8LM, EV 90.0 MPH)
Batting: SHB Arturo Baez 0-0: Called Strike
0-1: Ball
1-1: Foul Ball, location: 2F
1-2: SINGLE (Groundball, 6D, EV 106.9 MPH)
Batting: RHB Jason Birge 0-0: Ball
1-0: Swinging Strike
1-1: Ball
2-1: Swinging Strike
2-2: Foul Ball, location: 2F
2-2: Foul Ball, location: 2F
2-2: Ball
3-2: Strikes out swinging
Arturo Baez steals 2nd base
Batter strikes out.
Batting: RHB Kevin Wimberly 0-0: Called Strike
0-1: Ball
1-1: Foul Ball, location: 2F
1-2: Ball
2-2: Strikes out swinging
Top of the 17th over - 0 runs, 1 hit, 0 errors, 1 left on base; Omaha 4 - Durham 4
BOTTOM OF THE 17TH
Durham Bulls batting - Pitching for Omaha Storm Chasers : RHP Junsuke Abe
Now at 2B: Bill Ertl
Now at 3B: Arturo Baez
Batting: RHB David Ward 0-0: Called Strike
0-1: Ball
1-1: Ball
2-1: SINGLE (Flyball, 3D, EV 93.8 MPH)
Batting: RHB Jose Arriola 0-0: Ball
1-0: Ball
2-0: Ball
3-0: Called Strike
3-1: Fly out, F9 (Flyball, 89D, EV 98.1 MPH)
Batting: RHB Kevin Benfield 0-0: Fly out, F7 (Flyball, 7LM, EV 90.0 MPH)
Batting: LHB Danny Hull 0-0: Ball
1-0: Fly out, F8 (Flyball, 8LM, EV 88.1 MPH)
Bottom of the 17th over - 0 runs, 1 hit, 0 errors, 1 left on base; Omaha 4 - Durham 4
TOP OF THE 18TH
Omaha Storm Chasers batting - Pitching for Durham Bulls : RHP David Breaux
Batting: SHB Ryoji Hiraoka 0-0: Called Strike
0-1: Foul Ball, location: 2F
0-2: Fly out, F7 (Flyball, 78M, EV 84.4 MPH)
Batting: SHB Mike Williams 0-0: Called Strike
0-1: Ball
1-1: SINGLE (Line Drive, 7S, EV 101.2 MPH)
Batting: RHB Kazuki Arai 0-0: Ball
1-0: Swinging Strike
1-1: Foul Ball, location: 2F
1-2: Strikes out swinging
Batting: LHB Robby Diaz 0-0: SINGLE (Groundball, 34D, EV 105.6 MPH)
Mike Williams to second
Runner from 2nd tries for 3rd, SAFE, throw by RF made to third
Batting: RHB Taisei Fujii 0-0: Ball
1-0: Swinging Strike
1-1: Fielders Choice at 2nd, 5-4 (Groundball, 56, EV 86.9 MPH)
Top of the 18th over - 0 runs, 2 hits, 0 errors, 2 left on base; Omaha 4 - Durham 4
BOTTOM OF THE 18TH
Durham Bulls batting - Pitching for Omaha Storm Chasers : RHP Junsuke Abe
Batting: RHB Antonio Pacheco 0-0: Called Strike
0-1: Called Strike
0-2: SINGLE (Groundball, 5S, EV 63.8 MPH) (infield hit)
Batting: RHB Roberto Aispuro 0-0: Bunted foul
0-1: Ball
1-1: Ball
2-1: Bunted foul
2-2: Foul Ball, location: 2F
2-2: Strikes out swinging
Batting: RHB Sesto Carpini 0-0: Called Strike
Antonio Pacheco steals 2nd, throwing error, E2
Antonio Pacheco to third
0-1: Ball
1-1: Fielders Choice at home, 6-2 (Groundball, 6MS, EV 84.4 MPH)
Batting: RHB Alex Diaz 0-0: Ball
1-0: Called Strike
1-1: Fly out, F7 (Line Drive, 7D, EV 108.8 MPH)
Bottom of the 18th over - 0 runs, 1 hit, 1 error, 1 left on base; Omaha 4 - Durham 4
TOP OF THE 19TH
Omaha Storm Chasers batting - Pitching for Durham Bulls : RHP David Breaux
Batting: SHB Bill Ertl 0-0: Called Strike
0-1: Called Strike
0-2: Ball
1-2: Strikes out swinging
Batting: SHB Arturo Baez 0-0: Called Strike
0-1: Ball
1-1: Called Strike
1-2: Foul Ball, location: 2F
1-2: Foul Ball, location: 2F
1-2: Foul Ball, location: 2F
1-2: Ball
2-2: Ball
3-2: Base on Balls
Batting: RHB Jason Birge 0-0: Ball
1-0: DOUBLE (Flyball, 78XD, EV 100.6 MPH)
Arturo Baez to third
Batting: RHB Kevin Wimberly 0-0: Ball
1-0: Called Strike
1-1: Called Strike
1-2: Ball
2-2: Ball
3-2: DOUBLE (Groundball, 5L, EV 101.2 MPH)
Arturo Baez scores
Jason Birge scores
Pitching: LHP Frank Rodriguez
Batting: SHB Ryoji Hiraoka 0-0: Ball
1-0: Ball
2-0: Foul Ball, location: 2F
2-1: Ball
3-1: Base on Balls
Batting: SHB Mike Williams 0-0: Foul Ball, location: 2F
0-1: Swinging Strike
0-2: Ball
1-2: Ball
2-2: Ball
3-2: Base on Balls
Kevin Wimberly to third
Ryoji Hiraoka to second
Batting: RHB Kazuki Arai 0-0: Foul Ball, location: 2F
0-1: Called Strike
0-2: Ball
1-2: Foul Ball, location: 2F
1-2: Strikes out swinging
Batting: LHB Robby Diaz 0-0: Fly out, F7 (Flyball, 7, EV 78.1 MPH)
Top of the 19th over - 2 runs, 2 hits, 0 errors, 3 left on base; Omaha 6 - Durham 4
BOTTOM OF THE 19TH
Durham Bulls batting - Pitching for Omaha Storm Chasers : RHP Junsuke Abe
Batting: LHB Davion Lewis 0-0: Ground out 6-3 (Groundball, 6, EV 87.5 MPH)
Batting: RHB David Ward 0-0: Ball
1-0: Foul Ball, location: 2F
1-1: Ground out 6-3 (Groundball, 56, EV 83.8 MPH)
Batting: RHB Jose Arriola 0-0: Ball
1-0: Ball
2-0: Called Strike
2-1: Swinging Strike
2-2: Ball
3-2: Reached on error, E6 (Groundball, 6MS, EV 90.0 MPH)
Pitching: RHP Justin Nipper
Batting: RHB Kevin Benfield 0-0: Called Strike
0-1: Ball
1-1: Ground out 5-3 (Groundball, 56, EV 105.0 MPH)
Bottom of the 19th over - 0 runs, 0 hits, 1 error, 1 left on base; Omaha 6 - Durham 4
Sunday, July 16th , 2023 - OOTP Baseball 24.6 Build 69